 Dungeon Crawl Stone Soup version 0.14.0-12-g87ee3b7 (webtiles) character file.

9757 MDvedh the Severer (level 11, -2/123 HPs)
             Began as a Minotaur Berserker on Apr 15, 2014.
             Was a High Priest of Trog.
             Slain by a hill giant
             ... wielding a cursed +0,-1 giant club
              (17 damage)
             ... on Level 11 of the Dungeon.
             The game lasted 00:16:26 (9958 turns).

MDvedh the Severer (Minotaur Berserker)             Turns: 9958, Time: 00:16:27

HP  -2/123       AC 16     Str 29      XL: 11   Next: 21%
MP   4/4         EV  7     Int  4      God: Trog [*****.]
Gold 419         SH  0     Dex 14      Spells:  0 memorised, 10 levels left

rFire  . . .     SeeInvis .     F - +0 battleaxe
rCold  . . .     Clarity  .     t - +0 plate armour
rNeg   . . .     Conserve .     (no shield)
rPois  +         rCorr    .     (helmet restricted)
rElec  .         rRot     .     w - +2 cloak {rPois}
SustAb . .       Spirit   .     J - +0 pair of gloves
rMut   +         Warding  .     y - +0 pair of boots
Saprov . . .     Stasis   .     A - amulet of resist mutation
MR     .....                    B - +3 ring of dexterity
                                e - ring of sustenance

@: berserking (expiring), very quick, not resistant to hostile enchantments,
extremely unstealthy
A: retaliatory headbutt, horns 2
a: Burn Spellbooks, Berserk, Trog's Hand, Brothers in Arms, Renounce Religion


You were on level 11 of the Dungeon.
You worshipped Trog.
Trog was extremely pleased with you.
You were not hungry.

You visited 1 branch of the dungeon, and saw 11 of its levels.
You also visited: Sewer.

You collected 529 gold pieces.
You spent 110 gold pieces at shops.

Inventory:

Hand weapons
 a - a +0,-3 hand axe
 F - a +0,+0 battleaxe (weapon)
Armour
 t - a +0 plate armour (worn)
 w - a +2 cloak of poison resistance (worn)
 y - a +0 pair of boots (worn)
 J - a +0 pair of gloves (worn)
Magical devices
 b - a wand of polymorph (12)
 o - a wand of frost (3) {unknown}
 s - a wand of invisibility (3)
 v - a wand of hasting (2)
 z - a wand of teleportation (4) {unknown}
 M - a wand of digging (7) {unknown}
Comestibles
 k - 3 meat rations
 q - 3 apples
 C - 9 bread rations
 D - a pear
 H - 2 beef jerkies
 I - 7 cheeses
Scrolls
 c - 6 scrolls of remove curse
 d - a scroll of blinking
 f - 5 scrolls of teleportation
 h - 3 scrolls of magic mapping
 n - 5 scrolls of fear
 L - a scroll of enchant weapon III {unknown}
 N - a scroll of identify
Jewellery
 e - a ring of sustenance (left hand)
 A - an amulet of resist mutation (around neck)
 B - a +3 ring of dexterity (right hand)
 E - an uncursed ring of protection from magic {unknown}
 O - an uncursed ring of invisibility {unknown}
Potions
 g - 4 potions of agility
 i - a potion of resistance {unknown}
 j - a potion of flight {unknown}
 l - 2 potions of might {unknown}
 m - 4 potions of curing
 p - a potion of cure mutation {unknown}
 r - 3 potions of heal wounds
 u - a potion of magic {unknown}
 x - a potion of confusion {unknown}
 G - a potion of berserk rage {unknown}
 K - a potion of haste


   Skills:
 - Level 3.6 Fighting
 + Level 19.2 Axes
 - Level 2.4 Armour
 - Level 2.1 Dodging


You had 10 spell levels left.
You didn't know any spells.

Dungeon Overview and Level Annotations

Branches:
Dungeon (11/15)            Temple (0/1) D:7             Orc (0/4) D:10
   Lair (0/8) D:11

Altars:
Ashenzari
Dithmenos
Nemelex Xobeh
Okawaru
Trog
Vehumet
Xom
Zin

Shops:
D:4 %*[?   D:5 ?   D:9 (   D:10 :

Annotations:
D:5 exclusion: statue
D:11 exclusion: oklob plant


Innate Abilities, Weirdness & Mutations

You reflexively headbutt those who attack you in melee.
You have a pair of horns on your head.


Message History

You slash the hill giant!
The hill giant is lightly wounded.
You slash the hill giant! Your headbutt misses the hill giant.
The hill giant is severely wounded.
You barely miss the orc priest.
The hill giant hits you with a giant club!
* * * LOW HITPOINT WARNING * * *
You slash the killer bee!
You feel the power of Trog in you as your rage grows.
You kill the killer bee!
Trog accepts your kill.
You slice the hill giant!!
The hill giant is severely wounded.
You slice the hill giant!!
You kill the hill giant!
Trog accepts your kill.
You slash the orc priest!
The orc priest is severely wounded.
The hill giant hits you with a giant club!
You die...

... .............
.....................
..k.......(...........
.......................
K.....Ok......#######...
.....k.......#.......#..
................#...#....
.......C)).....##P. ##...
#....)@)...# .PPPPP..#.
.###...o(....#..PP>P...#.
.$.#..........#..PPPPP..#.
.........(.......##P..##...
................... ...#....
..................#. . ..#..
..........(.........#######...
............#..................
............###.................


You could see a hill giant, an ogre, 3 killer bees, an orc priest and a kobold.

Vanquished Creatures
  The ghost of flinch the Geomancer, an experienced FoEE of Cheibriados (D:7)
  A centaur warrior (D:11)
  2 hill giants
  A cyclops (D:11)
  A two-headed ogre (D:8)
  A hydra skeleton (D:10)
  A wyvern (D:10)
  5 yaks
  A hungry ghost (D:10)
  A hippogriff (D:9)
  A human (D:9)
  Edmund (D:7)
  A water moccasin (D:6)
  A yellow wasp (D:8)
  6 ice beasts
  3 orc warriors
  3 sky beasts
  2 ogres
  3 phantoms (D:6)
  10 centaurs
  Sigmund (D:4)
  8 giant frogs
  2 big kobolds
  A gnoll sergeant (D:9)
  A scorpion (D:9)
  A hippogriff skeleton (D:9)
  A killer bee (D:11)
  4 crimson imps
  A quasit (D:7)
  A goliath beetle (D:10)
  5 jellies
  5 hounds
  Crazy Yiuf (D:3)
  3 orc priests
  A basilisk skeleton (D:8)
  A big fish (Sewer)
  A giant frog skeleton (D:11)
  3 orc wizards
  An iguana (D:6)
  7 worker ants
  2 sheep (D:9)
  Jessica (D:3)
  9 gnolls
  3 orc skeletons
  A scorpion zombie (D:7)
  2 shadow imps (D:7)
  12 adders
  2 worms
  2 giant mites
  An iguana zombie (D:9)
  2 adder skeletons
  A giant eyeball (D:9)
  9 giant geckos
  32 orcs
  9 giant cockroaches
  6 goblins
  8 hobgoblins
  13 jackals
  26 kobolds
  6 quokkas
  5 ball pythons
  11 bats
  9 giant newts
  A hobgoblin skeleton (D:4)
  A kobold skeleton (D:4)
  20 rats
  A ballistomycete (D:9)
290 creatures vanquished.

Vanquished Creatures (collateral kills)
  Psyche (D:8)
  An ogre (D:7)
  3 orc warriors (D:10)
  An orc zombie (D:8)
  6 orcs
12 creatures vanquished.

Vanquished Creatures (others)
  A two-headed ogre (D:10)
  A giant spore (D:9)
  A bush (D:9)
3 creatures vanquished.

Grand Total: 305 creatures vanquished

Notes
Turn   | Place    | Note
--------------------------------------------------------------
     0 | D:1      | MDvedh, the Minotaur Berserker, began the quest for the Orb.
     0 | D:1      | Reached XP level 1. HP: 19/19 MP: 1/1
    58 | D:1      | Reached skill level 4 in Axes
    79 | D:1      | Reached XP level 2. HP: 15/26 MP: 1/1
   322 | D:1      | Acquired Trog's second power
   610 | D:2      | Reached skill level 5 in Axes
   754 | D:2      | Reached XP level 3. HP: 28/31 MP: 2/2
   816 | D:2      | Found a sparkling altar of Nemelex Xobeh.
  1305 | D:3      | Reached skill level 6 in Axes
  1305 | D:3      | Reached XP level 4. HP: 37/39 MP: 2/2
  1329 | D:3      | Noticed Jessica
  1332 | D:3      | Killed Jessica
  1592 | D:3      | Found a glowing drain.
  1657 | Sewer    | Entered a sewer
  1720 | Sewer    | Reached skill level 7 in Axes
  1720 | Sewer    | Reached XP level 5. HP: 42/45 MP: 2/2
  1814 | Sewer    | Acquired Trog's third power
  2228 | D:3      | Noticed Crazy Yiuf
  2236 | D:3      | Killed Crazy Yiuf
  2414 | D:3      | Reached skill level 8 in Axes
  2640 | D:4      | Found Khosecel's Assorted Antiques.
  2659 | D:4      | Bought a pink potion for 27 gold pieces
  2659 | D:4      | Bought a fuming white potion for 27 gold pieces
  2659 | D:4      | Bought a scroll labeled DOUGYDA ZUR STROE for 30 gold pieces
  2678 | D:4      | Found Phicwev's Armour Shoppe.
  2705 | D:4      | Reached XP level 6. HP: 45/51 MP: 3/3
  2780 | D:4      | Found Craysm's Food Shop.
  2782 | D:4      | Noticed Sigmund
  2791 | D:4      | Killed Sigmund
  2927 | D:4      | Found an iron altar of Okawaru.
  2970 | D:4      | Found Qusat's Magic Scroll Emporium.
  3034 | D:4      | Reached skill level 9 in Axes
  3111 | D:4      | Bought a scroll of identify for 26 gold pieces
  3270 | D:5      | Entered Level 5 of the Dungeon
  3270 | D:5      | Found Qeaseat's Magic Scroll Boutique.
  3314 | D:5      | Reached XP level 7. HP: 57/57 MP: 3/3
  3360 | D:5      | Reached skill level 10 in Axes
  3787 | D:5      | Got a steaming cloak
  3791 | D:5      | Identified the cursed -2 cloak "Gathrori" {Str+3 Int+3} (You found it on level 5 of the Dungeon)
  3918 | D:5      | Found a radiant altar of Vehumet.
  3982 | D:6      | Reached skill level 11 in Axes
  4049 | D:6      | Reached XP level 8. HP: 44/64 MP: 3/3
  4078 | D:6      | Reached skill level 12 in Axes
  4538 | D:6      | Reached skill level 13 in Axes
  4618 | D:6      | Found a shimmering altar of Xom.
  4706 | D:6      | You fall through a shaft for 3 floors!
  5199 | D:9      | Reached XP level 9. HP: 65/70 MP: 4/4
  5229 | D:9      | Reached skill level 14 in Axes
  5290 | D:9      | Found Ghywn's Antique Weapon Shop.
  5464 | D:9      | Paralysed by a giant eyeball for 4 turns
  5475 | D:9      | Paralysed by a giant eyeball for 3 turns
  5661 | D:9      | Reached skill level 15 in Axes
  6127 | D:8      | Noticed Psyche
  6265 | D:8      | Received a gift from Trog
  6301 | D:8      | Reached skill level 16 in Axes
  6651 | D:8      | Killed Psyche
  6721 | D:8      | Reached XP level 10. HP: 63/77 MP: 4/4
  7230 | D:7      | Found a shadowy altar of Dithmenos.
  7234 | D:7      | Found a shattered altar of Ashenzari.
  7236 | D:7      | Found a bloodstained altar of Trog.
  7241 | D:7      | Found a glowing silver altar of Zin.
  7271 | D:7      | Found a staircase to the Ecumenical Temple.
  7320 | D:7      | Noticed Edmund
  7329 | D:7      | Killed Edmund
  7563 | D:7      | Noticed flinch's ghost (experienced FoEE)
  7579 | D:7      | Killed flinch's ghost
  7579 | D:7      | Reached skill level 17 in Axes
  8299 | D:10     | Entered Level 10 of the Dungeon
  8299 | D:10     | Found Areo's Book Shop.
  8945 | D:10     | Reached skill level 18 in Axes
  8972 | D:10     | Noticed a hill giant
  8985 | D:10     | Killed a hill giant
  9079 | D:10     | Found a staircase to the Orcish Mines.
  9276 | D:10     | Received a gift from Trog
  9295 | D:11     | Noticed a cyclops
  9304 | D:11     | Killed a cyclops
  9623 | D:11     | Found a staircase to the Lair.
  9623 | D:11     | Noticed an oklob plant
  9827 | D:11     | Reached XP level 11. HP: 13/82 MP: 4/4
  9946 | D:11     | Noticed a centaur warrior
  9947 | D:11     | Noticed a hill giant
  9947 | D:11     | Noticed a hill giant
  9957 | D:11     | Killed a centaur warrior
  9957 | D:11     | Reached skill level 19 in Axes
  9958 | D:11     | Killed a hill giant
  9958 | D:11     | Slain by a hill giant

Action                   |  1- 3 |  4- 6 |  7- 9 | 10-12 || total
-------------------------+-------+-------+-------+-------++-------
Melee: Hand axe          |    94 |   181 |   252 |     1 ||   528
       Unarmed           |       |       |     6 |       ||     6
       Battleaxe         |       |       |   106 |   206 ||   312
Invok: Berserk           |     1 |     2 |     5 |     4 ||    12
       Brothers in Arms  |       |       |     1 |     2 ||     3
       Burn Spellbooks   |       |       |     1 |     1 ||     2
       Trog's Hand       |       |       |       |     2 ||     2
Evoke: Wand              |       |     1 |     1 |       ||     2
  Use: Scroll            |     5 |     5 |     2 |     3 ||    15
       Potion            |       |       |     1 |       ||     1
